 Dungeon Crawl Stone Soup version 0.28-a0-1510-gd0f6b136d3 (webtiles) character file.

Game seed: 11194031334193684183

1713 shadowrider38 the Spear-Bearer (level 9, 0/72 HPs)
             Began as a Merfolk Gladiator on Jan 14, 2022.
             Was a Believer of Trog.
             Succumbed to a scorpion's poison
             ... on level 7 of the Dungeon.
             The game lasted 00:10:56 (9797 turns).

shadowrider38 the Spear-Bearer (Merfolk Gladiator)  Turns: 9797, Time: 00:10:57

Health: 0/72       AC:  9    Str: 18    XL:     9   Next: 4%
Magic:  9/9        EV:  8    Int:  8    God:    Trog [**....]
Gold:   296        SH:  3    Dex: 15    Spells: 8/8 levels left

rFire   . . .      SeeInvis +   a - +0 trident
rCold   . . .      Faith    .   g - +0 buckler
rNeg    . . .      Spirit   .   q - +0 chain mail
rPois   .          Reflect  .   r - +0 helmet
rElec   .          Harm     .   (no cloak)
rCorr   .          Rampage  .   (no gloves)
Will    .....                   (no boots)
Stlth   ..........              (no amulet)
HPRegen 0.22/turn               k - ring of see invisible
MPRegen 0.11/turn               (no ring)

@: lethally poisoned (0 -> -4), on berserk cooldown, slowed, very slow
A: (nimble swimmer 2), mertail
a: Renounce Religion, Berserk, Trog's Hand


You were on level 7 of the Dungeon.
You worshipped Trog.
Trog was pleased with you.
You visited 2 branches of the dungeon, and saw 8 of its levels.

You collected 296 gold pieces.

Inventory:

Hand Weapons
 a - a +0 trident (weapon)
Missiles
 d - 4 throwing nets (quivered)
 f - 13 poisoned darts
 y - 3 atropa-tipped darts
 A - a curare-tipped dart
Armour
 g - a +0 buckler (worn)
 q - a +0 chain mail (worn)
 r - a +0 helmet (worn)
 w - a +0 kite shield
Jewellery
 k - a ring of see invisible (left hand)
Wands
 h - a wand of charming (1)
 l - a wand of mindburst (9)
 x - a wand of flame (11)
Scrolls
 c - a scroll of teleportation {unknown}
 e - 5 scrolls of identify {unknown}
 j - a scroll of immolation {unknown}
 m - 2 scrolls of amnesia {unknown}
 n - 3 scrolls of magic mapping {unknown}
 o - a scroll of fear {unknown}
 p - a scroll of noise {unknown}
 B - a scroll of acquirement {unknown}
Potions
 b - a potion of haste {unknown}
 i - 2 potions of curing {unknown}
 s - a potion of brilliance {unknown}
 t - a potion of invisibility {unknown}
 u - 2 potions of heal wounds {unknown}
 v - a potion of might {unknown}
 z - a potion of ambrosia {unknown}


   Skills:
 + Level 7.6 Fighting
 * Level 11.3 Polearms
 - Level 2.0 Throwing
 - Level 4.0 Dodging
 - Level 5.0 Evocations


You had 8 spell levels left.
You didn't know any spells.
Your spell library contained the following spells:

 Spells                   Type           Power      Damage    Failure   Level
 Static Discharge         Conj/Air       0%         N/A       100%        2
 Ignite Poison            Fire/Tmut/Pois 0%         N/A       100%        3
 Mephitic Cloud           Conj/Pois/Air  0%         N/A       100%        3
 Ozocubu's Armour         Ice            0%         N/A       100%        3
 Tukima's Dance           Hex            0%         N/A       100%        3
 Dispel Undead            Necr           0%         3d6       100%        4
 Passage of Golubria      Tloc           0%         N/A       100%        4
 Sticky Flame             Conj/Fire      0%         2d3       100%        4
 Freezing Cloud           Conj/Ice/Air   0%         6-21      100%        5
 Lightning Bolt           Conj/Air       0%         1d11      100%        5
 Summon Forest            Summ/Tloc      0%         N/A       100%        5
 Yara's Violent Unravell  Hex/Tmut       0%         3d3       100%        5
 Eringya's Noxious Bog    Tmut/Pois      0%         N/A       100%        6
 Ozocubu's Refrigeration  Ice            0%         4d5       100%        7
 Summon Hydra             Summ           0%         N/A       100%        7
 Maxwell's Capacitive Co  Air            0%         ∞         100%        8


Dungeon Overview and Level Annotations

Branches:
Dungeon (7/15)             Temple (1/1) D:5

Altars:
Ashenzari
Cheibriados
Dithmenos
Elyvilon
Fedhas
Gozag
Makhleb
Nemelex Xobeh
Okawaru
Qazlal
Ru
Sif Muna
Trog
Uskayaw
Vehumet
Wu Jian
Xom
Yredelemnul
Zin
Jiyva

Shops:
D:3 (   D:4 *

Annotations:
D:5 exclusions: 2 electric eels and 1 more exclusion


Innate Abilities, Weirdness & Mutations

((You are very nimble when in or above water. (Stealth+, EV+, Speed+++)))
Your lower body shifts to a powerful aquatic tail in water.


Message History

The scorpion stings you.
* * * LOW HITPOINT WARNING * * *
You barely miss the scorpion.
The scorpion is almost dead.
The scorpion stings you.
* * * LOW HITPOINT WARNING * * *
You completely miss the scorpion.
The scorpion is almost dead.
The scorpion stings you.
* * * LOW HITPOINT WARNING * * *
You are lethally poisoned!
The scorpion poisons you!
A red film seems to cover your vision as you go berserk!
You feel yourself moving faster!
You feel mighty!
* * * LOW HITPOINT WARNING * * *
You feel very sick. You block the scorpion's attack.
You puncture the scorpion!
You kill the scorpion!
Trog accepts your kill.
* * * LOW HITPOINT WARNING * * *
You feel sick.
You are too berserk!
There is a lethal amount of poison in your body!
There is a lethal amount of poison in your body!
There is a lethal amount of poison in your body!
* * * LOW HITPOINT WARNING * * *
You feel sick.
You feel a strong urge to attack something.
* * * LOW HITPOINT WARNING * * *
You feel sick.
* * * LOW HITPOINT WARNING * * *
You feel sick.
You feel your anger nearly subside.
* * * LOW HITPOINT WARNING * * *
You feel sick.
You are no longer berserk.
You are exhausted.
You feel yourself slow down.
You die...

.......##.####
.#.....###.##
.......#
.#.....####.##
##......#
.......#..##.#
#.$.....#
##.....#.#.#.#
#......!#
##.....####.##
....... ...#####
#_## .... ####
##############.####
...#
#..........@).....#
##.#
#........######.#.#
...# #........#
#...# ####
#........# ##).#
#........# #..#
#........+ .#.#
######........# .
.# .....'........+
[. ..
######........# ..
...


There were no monsters in sight!

Vanquished Creatures
  A sky beast (D:6)
  A black bear (D:6)
  2 necrophages (D:6)
  2 ogres
  A bullfrog (D:7)
  A kobold brigand (D:5)
  3 scorpions
  2 water moccasin skeletons (D:5)
  A howler monkey (D:7)
  A centaur zombie (D:6)
  A centaur skeleton (D:6)
  A bullfrog skeleton (D:5)
  2 hounds
  A gnoll shaman (D:4)
  2 orc priests (D:7)
  Jessica (D:2)
  2 iguanas (D:4)
  Terence (D:2)
  A hound zombie (D:5)
  A hound skeleton (D:4)
  14 gnolls
  5 adders
  2 white imps (D:6)
  An ufetubus (D:5)
  2 adder skeletons
  2 worms
  2 dart slugs
  15 orcs
  9 endoplasms
  3 giant cockroaches
  5 goblins
  8 hobgoblins
  7 jackals (D:1)
  18 kobolds
  7 quokkas
  5 ball pythons
  8 bats
  4 frilled lizards
  8 rats
153 creatures vanquished.

Vanquished Creatures (others)
  A sky beast (D:6)
  2 plants (D:5)
3 creatures vanquished.

Grand Total: 156 creatures vanquished

Notes
Turn   | Place    | Note
-------+----------+-------------------------------------------
     0 | D:1      | shadowrider38 the Merfolk Gladiator began the quest for the
                  | Orb.
     0 | D:1      | Reached XP level 1. HP: 16/16 MP: 1/1
   285 | D:1      | Reached XP level 2. HP: 18/23 MP: 2/2
   414 | D:1      | Reached skill level 5 in Polearms
   541 | D:1      | Reached XP level 3. HP: 29/29 MP: 3/3
   988 | D:1      | Found a faded altar of an unknown god.
  1665 | D:2      | Found a bloodstained altar of Trog.
  1744 | D:2      | Reached XP level 4. HP: 28/35 MP: 4/4
  1887 | D:2      | Noticed Jessica
  1893 | D:2      | Killed Jessica
  1894 | D:2      | Reached skill level 6 in Polearms
  2004 | D:2      | Noticed Terence
  2368 | D:2      | Became a worshipper of Trog the Wrathful
  2738 | D:2      | Killed Terence
  2739 | D:2      | Reached XP level 5. HP: 24/42 MP: 5/5
  3107 | D:3      | Found Ruecviywou's Antique Weapon Shop.
  3609 | D:3      | Reached skill level 7 in Polearms
  4035 | D:4      | Found a shimmering blue altar of Sif Muna.
  4039 | D:4      | Found an opulent altar of Gozag.
  4124 | D:4      | Reached * piety under Trog
  4128 | D:4      | Reached XP level 6. HP: 13/50 MP: 6/6
  4129 | D:4      | Reached skill level 5 in Fighting
  4857 | D:4      | Reached skill level 8 in Polearms
  5232 | D:4      | Found Gozag's Platinum Reserve.
  5354 | D:4      | Found a snail-covered altar of Cheibriados.
  5355 | D:4      | Found a burning altar of Makhleb.
  5356 | D:4      | Found a broken altar of Ashenzari.
  5356 | D:4      | Found a glowing silver altar of Zin.
  5356 | D:4      | Found a radiant altar of Vehumet.
  5359 | D:4      | Found a sparkling altar of Nemelex Xobeh.
  5361 | D:4      | Found a basalt altar of Yredelemnul.
  5505 | D:5      | Entered Level 5 of the Dungeon
  5599 | D:5      | Reached skill level 1 in Evocations
  5599 | D:5      | Reached XP level 7. HP: 50/58 MP: 7/7
  6516 | D:5      | Found a staircase to the Ecumenical Temple.
  6852 | D:4      | You fall into a shaft and drop 2 floors!
  7263 | Temple   | Entered the Ecumenical Temple
  7617 | D:6      | Reached skill level 5 in Evocations
  7617 | D:6      | Reached XP level 8. HP: 33/64 MP: 8/8
  8653 | D:6      | Reached skill level 9 in Polearms
  8907 | D:6      | Reached skill level 10 in Polearms
  9041 | D:6      | Reached ** piety under Trog
  9607 | D:7      | Found an iron altar of Okawaru.
  9716 | D:7      | Reached skill level 11 in Polearms
  9778 | D:7      | Reached XP level 9. HP: 30/72 MP: 9/9
  9793 | D:7      | HP: 5/108 [poisoned by a scorpion]
  9797 | D:7      | Succumbed to a scorpion's poison

Illustrated notes

Levels and vault maps discovered:
D:1:      kilobyte_arrival_exit_the_forest, layout_loops_ring,
          shapermc_ecumenical_altar_mp_vishouse
D:2:      layout_basic, basic_altar, uniq_terence, uniq_jessica
D:3:      layout_loops_cross, serial_shops, shop, kennysheep_decorative_pillar
D:4:      layout_basic, minitemple, nicolae_gozag_zags_fifth_avenue
D:5:      cheibrodos_two_vegetables, layout_rooms, minmay_temple_entry_mist,
          sigmund_army
D:6:      layout_loops_cross
D:7:      layout_basic, marbit_many_paths, lemuel_coloured_pillars_altar,
          chequers_temple_overflow_statue_of_worship, uniq_duvessa
Temple:   pf_slimified_temple

Skill      XL: |  1  2  3  4  5  6  7  8 |
---------------+-------------------------+-----
Polearms       | 5 6 7 8 11 | 11.3
Fighting       | 3 4 6 7 |  7.6
Evocations     | 1 5 |  5.0
Throwing       | |  2.0
Dodging        | |  4.0

Action                   |  1- 3 |  4- 6 |  7- 9 || total
-------------------------+-------+-------+-------++-------
Melee: Trident           |   110 |   243 |   333 ||   686
       Tailslap          |       |       |     2 ||     2
Invok: Berserk           |       |       |     1 ||     1
Evoke: Wand              |       |     6 |       ||     6
 Stab: Sleeping          |     3 |       |       ||     3
Armor: Leather armour    |    15 |       |       ||    15
       Ring mail         |     6 |    21 |       ||    27
       Chain mail        |       |    39 |   164 ||   203
Dodge: Dodged            |    50 |    72 |    88 ||   210
Block: Buckler           |     2 |    21 |    38 ||    61

Table legend: (Time is in decaauts)
 A = Elapsed time spent in this place.
 B = Non-inter-level travel time spent in this place.
 C = Inter-level travel time spent in this place.
 D = Time resting spent in this place.
 E = Time spent auto-exploring this place.
 F = Levels seen in this place.
 G = Mean time per level.
                   A        B        C        D        E       F      G
               +--------+--------+--------+--------+--------+-----+--------+
         Total |   9751 |   9393 |    358 |   3245 |   4598 |   8 | 1218.9 |
       Dungeon |   9648 |   9308 |    340 |   3245 |   4520 |   7 | 1378.3 |
        Temple |    103 |     85 |     18 |      0 |     78 |   1 |  103.0 |
               +--------+--------+--------+--------+--------+-----+--------+

Top non-repeatable levels by time:
     D:4: 2109 daAuts
     D:6: 1773 daAuts
     D:2: 1708 daAuts
     D:1: 1472 daAuts
     D:5: 1326 daAuts
     D:3: 853 daAuts
     D:7: 403 daAuts
  Temple: 103 daAuts
